 Dungeon Crawl Stone Soup version 0.31-a0-182-gc5ef74bbde (webtiles) character file.

Game seed: 8654277897542834931

2685 Anon1729 the Trooper (level 9, -2/81 HPs)
             Began as a Minotaur Monk on June 20, 2023.
             Slain by a two-headed ogre
             ... wielding a +0 giant club
              (20 damage)
             ... on level 7 of the Dungeon.
             The game lasted 00:03:33 (6015 turns).

Anon1729 the Trooper (Minotaur Monk)                Turns: 6015, Time: 00:03:34

Health: -2/81      AC: 12    Str: 15    XL:     9   Next: 38%
Magic:  12/12      EV: 13    Int: 13    God:
Gold:   413        SH:  0    Dex: 18    Spells: 8/8 levels left

rFire   . . .        q - +2 dagger (holy)
rCold   . . .        d - orb {light}
rNeg    . . .        x - +0 scale mail
rPois   .            (helmet restricted)
rElec   .            o - +2 cloak
rCorr   .            (no gloves)
SInv    .            i - +0 pair of boots
Will    .....        (no amulet) Stlth
                     y - +6 ring of intelligence
HPRegen 0.33/turn    (no ring)
MPRegen 0.13/turn

%: no passive effects
@: glowing
A: horns 2, retaliatory headbutt
a: no special abilities


You were on level 7 of the Dungeon.
You visited 2 branches of the dungeon, and saw 8 of its levels.

You collected 413 gold pieces.

Inventory:

Hand Weapons
 a - a +0 short sword
 p - a +0 dagger of draining
 q - a +2 dagger of holy wrath (weapon)
Missiles
 j - 11 poisoned darts
Armour
 b - a +0 robe
 d - an orb of light (worn)
 i - a +0 pair of boots (worn)
 o - a +2 cloak (worn)
 x - a +0 scale mail (worn)
Jewellery
 y - a +6 ring of intelligence (left hand)
 E - an amulet of the acrobat
Wands
 t - a wand of polymorph (8)
 C - a wand of roots (6)
 D - a wand of flame (20)
Scrolls
 h - 2 scrolls of blinking
 l - 2 scrolls of revelation
 m - a scroll of vulnerability
 r - a scroll of silence {unknown}
 s - 3 scrolls of teleportation
 u - a scroll of identify
 z - 2 scrolls of amnesia
 A - a scroll of fog
 B - 2 scrolls of enchant weapon {unknown}
Potions
 c - a potion of ambrosia
 e - 2 potions of heal wounds {unknown}
 f - a potion of mutation {unknown}
 g - 2 potions of lignification {unknown}
 k - 4 potions of curing {unknown}
 n - 2 potions of degeneration {unknown}
 v - a potion of might {unknown}
 w - a potion of enlightenment {unknown}


   Skills:
 + Level 7.8 Fighting
 + Level 7.1 Short Blades
 + Level 6.7 Armour
 + Level 7.1 Dodging
 + Level 5.6 Invocations


You had 8 spell levels left.
You didn't know any spells.
Your spell library contained the following spells:

 Spells                   Type           Power      Damage    Failure   Level
 Simulacrum               Ice/Necr       0%         N/A       100%        6
 Ozocubu's Refrigeration  Ice            0%         4d7       100%        7
 Polar Vortex             Ice            0%         N/A       100%        9


Dungeon Overview and Level Annotations

Branches:
Dungeon (7/15)             Temple (1/1) D:5

Altars:
Ashenzari
Cheibriados
Fedhas
Gozag
Makhleb
Nemelex Xobeh
Ru
Vehumet
Yredelemnul
Zin
The Shining One


Innate Abilities, Weirdness & Mutations

You have a pair of horns on your head.
You reflexively headbutt those who attack you in melee.


Message History

The two-headed ogre hits you with a +0 giant club!
The two-headed ogre completely misses you.
You hit the two-headed ogre.
The two-headed ogre is moderately wounded.
You hit the two-headed ogre. You headbutt the two-headed ogre!
The two-headed ogre is heavily wounded.
You hit the two-headed ogre. You headbutt the two-headed ogre!
The two-headed ogre is severely wounded.
The two-headed ogre hits you with a +0 giant club! x2
* * * LOW HITPOINT WARNING * * *
You are too injured to fight recklessly!
You are too injured to fight recklessly!
You are too injured to fight recklessly!
You are too injured to fight recklessly!
You are too injured to fight recklessly!
You are too injured to fight recklessly!
You are too injured to fight recklessly!
You are too injured to fight recklessly!
You are too injured to fight recklessly!
You are too injured to fight recklessly!
You are too injured to fight recklessly!
You are too injured to fight recklessly!
You are too injured to fight recklessly!
You are too injured to fight recklessly!
You are too injured to fight recklessly!
You are too injured to fight recklessly!
You hit the two-headed ogre.
The two-headed ogre is almost dead.
You hit the two-headed ogre.
The two-headed ogre is almost dead.
The two-headed ogre hits you with a +0 giant club.
* * * LOW HITPOINT WARNING * * *
The two-headed ogre barely misses you.
You hit the two-headed ogre.
The two-headed ogre is almost dead.
Okay, then.
You hit the two-headed ogre.
The two-headed ogre is almost dead.
The two-headed ogre hits you with a +0 giant club!!
You die...

........ ##"$....##
....$....#
.........# ..
.........# ##..
#.........####...
..........#....#..
##........O.......
..........@...###
...............##
................##.
............<.......
....#...........##..
#..............#
............)...#
......#........##
............$...#


You could see a two-headed ogre.

Vanquished Creatures
  Pikel (D:6)
  Prince Ribbit (D:4)
  Sigmund (D:5)
  An ice beast (D:4)
  2 black bears (D:5)
  A sky beast (D:4)
  4 ogres
  A bullfrog (D:6)
  2 scorpions
  5 wights (D:6)
  4 hounds
  A gnoll bouda (D:4)
  6 orc priests
  Ijyb (D:5)
  2 iguanas
  A sleepcap (D:6)
  4 orc wizards (D:6)
  10 adders
  3 gnolls (D:4)
  A shadow imp (D:5)
  A white imp (D:7)
  2 ufetubi
  A worm (D:5)
  16 orcs
  6 bats
  5 endoplasms
  3 giant cockroaches
  4 goblins
  4 hobgoblins
  2 jackals
  2 quokkas
  8 ball pythons
  4 frilled lizards
  5 kobolds
  2 rats
117 creatures vanquished.

Notes
Turn   | Place    | Note
-------+----------+-------------------------------------------
     0 | D:1      | Anon1729 the Minotaur Monk began the quest for the Orb.
     0 | D:1      | Reached XP level 1. HP: 19/19 MP: 0/0
   246 | D:1      | Reached XP level 2. HP: 23/27 MP: 1/1
   871 | D:2      | Reached skill level 1 in Armour
   895 | D:2      | Reached skill level 1 in Invocations
   913 | D:2      | Reached XP level 3. HP: 33/33 MP: 2/2
  2567 | D:4      | Noticed an ogre
  2574 | D:4      | Killed an ogre
  2575 | D:4      | Reached XP level 4. HP: 20/41 MP: 4/4
  2575 | D:4      | Reached XP level 5. HP: 23/47 MP: 5/5
  3144 | D:4      | Reached XP level 6. HP: 21/55 MP: 6/6
  3508 | D:5      | Entered Level 5 of the Dungeon
  3508 | D:5      | Noticed Prince Ribbit
  3523 | D:4      | Killed Prince Ribbit
  3524 | D:4      | Reached skill level 5 in Fighting
  3554 | D:5      | Noticed an ice beast
  3554 | D:5      | Noticed a sky beast
  3560 | D:5      | Reached XP level 7. HP: 42/61 MP: 8/8
  3642 | D:4      | Reached skill level 5 in Short Blades
  3642 | D:4      | Reached skill level 5 in Dodging
  3934 | D:5      | Found a radiant altar of Vehumet.
  3960 | D:5      | Noticed Sigmund
  3961 | D:5      | Found a staircase to the Ecumenical Temple.
  3965 | D:5      | Killed Sigmund
  3966 | D:5      | Reached XP level 8. HP: 65/70 MP: 8/10
  4273 | D:5      | Found a glowing silver altar of Zin.
  4329 | D:5      | Reached skill level 5 in Armour
  4562 | D:5      | Found a burning altar of Makhleb.
  4583 | D:5      | Noticed Ijyb
  4595 | D:5      | Killed Ijyb
  4784 | Temple   | Entered the Ecumenical Temple
  4972 | D:6      | Noticed Pikel
  4996 | D:6      | Killed Pikel
  4997 | D:6      | Reached skill level 5 in Invocations
  5103 | D:6      | Reached XP level 9. HP: 74/79 MP: 11/11
  5677 | D:6      | Found a snail-covered altar of Cheibriados.
  6001 | D:7      | Noticed a two-headed ogre
  6015 | D:7      | Slain by a two-headed ogre

Illustrated notes

Levels and vault maps discovered:
D:1:      amcnicky_arrival_choice, layout_loops_ring, grunt_decor_fettered
D:2:      layout_basic, nicolae_titane
D:3:      layout_loops_ring, chequers_serial_rivers_micro_e
D:4:      layout_loops_ring, nrook_mini_backslash
D:5:      layout_gridville, fiery_altar_vehumet, pf_just_have_faith,
          lightli_temple_of_fire, minmay_temple_entry_glass, serial_bayou,
          serial_bayou_lagoon_a, serial_bayou_ford_a, serial_bayou_pond_c,
          serial_bayou_lake_a, uniq_prince_ribbit1, uniq_sigmund, uniq_ijyb
D:6:      layout_loops_ring, mainiacjoe_overflow_chevrons, uniq_pikel
D:7:      layout_rooms, mainiacjoe_overflow_alcove_4
Temple:   nicolae_temple_ecumenical_triangle

Skill      XL: |  1  2  3  4  5  6  7  8  9 |
---------------+----------------------------+-----
Armour         | 1 2 3 4 6 |  6.7
Invocations    | 1 2 3 4 5 |  5.6
Fighting       | 4 5 6 7 |  7.8
Short Blades   | 4 5 6 7 |  7.1
Dodging        | 4 5 6 7 |  7.1

Action                     |  1- 3 |  4- 6 |  7- 9 || total
---------------------------+-------+-------+-------++-------
  Melee: Short sword       |    96 |       |       ||    96
         Headbutt          |    19 |    21 |    80 ||   120
         Dagger            |     6 |    52 |   241 ||   299
    Use: Scroll            |       |       |     7 ||     7
 Armour: Robe              |    16 |    13 |       ||    29
         Scale mail        |       |    14 |    69 ||    83
  Dodge: Dodged            |    61 |    52 |   108 ||   221

Table legend: (Time is in decaauts)
 A = Elapsed time spent in this place.
 B = Non-inter-level travel time spent in this place.
 C = Inter-level travel time spent in this place.
 D = Time resting spent in this place.
 E = Time spent auto-exploring this place.
 F = Levels seen in this place.
 G = Mean time per level.
                   A        B        C        D        E       F      G
               +--------+--------+--------+--------+--------+-----+--------+
         Total |   5953 |   5274 |    679 |    303 |   4188 |   8 |  744.1 |
       Dungeon |   5904 |   5232 |    672 |    303 |   4150 |   7 |  843.4 |
        Temple |     48 |     42 |      6 |      0 |     38 |   1 |   48.0 |
               +--------+--------+--------+--------+--------+-----+--------+

Top non-repeatable levels by time:
     D:4: 1118 daAuts
     D:6: 1012 daAuts
     D:5: 967 daAuts
     D:1: 944 daAuts
     D:3: 908 daAuts
     D:2: 892 daAuts
     D:7: 61 daAuts
  Temple: 48 daAuts
